 Dungeon Crawl Stone Soup version 0.28-a0-1292-gb4563b27b3 (webtiles) character file.

Game seed: 9221291802957317409

336 Grim the Magician (level 6, -1/48 HPs)
             Began as a Djinni Ice Elementalist on Dec 27, 2021.
             Slain by a water moccasin skeleton (4 damage)
             ... on level 4 of the Dungeon.
             The game lasted 00:08:08 (4723 turns).

Grim the Magician (Djinni Ice Elementalist)         Turns: 4723, Time: 00:08:09

Health: -1/48      AC:  3    Str:  7    XL:     6   Next: 84%
Gold:   190        EV: 12    Int: 19    God:
                   SH:  0    Dex: 13

rFire   + + .      SeeInvis .   d - +1 short sword (speed)
rCold   x . .      Faith    .   (no shield)
rNeg    . . .      Spirit   .   a - +0 robe
rPois   ∞          Reflect  .   (no helmet)
rElec   .          Harm     .   m - +0 cloak {Will+}
rCorr   .          Rampage  .   (no gloves)
Will    +....                   (boots unavailable)
Stlth   ++........              (no amulet)
HPRegen 0.16/turn               (no ring)
MPRegen 0.00/turn               (no ring)

@: flying
A: sickness immunity, fire resistance 2, cold vulnerability 1, float, innate
caster, hp casting, extra vitality 1
a: no special abilities


You were on level 4 of the Dungeon.
You visited 1 branch of the dungeon, and saw 4 of its levels.

You collected 190 gold pieces.

Inventory:

Hand Weapons
 d - a +1 short sword of speed (weapon)
Missiles
 l - 24 stones
Armour
 a - a +0 robe (worn)
 m - a +0 cloak of willpower (worn)
Scrolls
 e - a scroll of summoning {unknown}
 f - a scroll of vulnerability {unknown}
 h - a scroll of identify {unknown}
 i - a scroll of noise {unknown}
 j - a scroll of amnesia {unknown}
 k - a scroll of enchant weapon {unknown}
 o - a scroll of enchant armour {unknown}
Potions
 b - 2 potions of ambrosia {unknown}
 c - 2 potions of invisibility {unknown}
 g - 2 potions of curing {unknown}
 n - a potion of berserk rage {unknown}


   Skills:
 + Level 4.3 Fighting
 - Level 2.1 Dodging
 - Level 1.5 Stealth
 + Level 4.8 Spellcasting


You couldn't memorise any spells.
You knew the following spells:

 Your Spells              Type           Power      Damage    Failure   Level
a - Freeze                Ice            88%        1d10      1%          1
b - Frozen Ramparts       Ice            44%        1d6       5%          3
c - Ozocubu's Armour      Ice            22%        N/A       5%          3
d - Hailstorm             Conj/Ice       22%        3d7       17%         4
e - Sandblast             Erth           44%        2d11      1%          1
f - Passwall              Tmut/Erth      18%        N/A       2%          2
Your spell library was empty.

Dungeon Overview and Level Annotations

Branches:
Dungeon (4/15)
 Temple: D:4-7

Altars:
Okawaru
Zin


Innate Abilities, Weirdness & Mutations

You are immune to sickness and miasma.
You are immune to poison.
Your flesh is very heat resistant. (rF++)
You are vulnerable to cold. (rC-)
You float through the air rather than walking.
You learn spells naturally, not from books.
Your magical power is your life essence.
You have superior vitality. (+4 MHP)


Message History

* * * LOW HITPOINT WARNING * * *
The water moccasin skeleton completely resists.
The wall freezes the water moccasin skeleton but does no damage.
The water moccasin skeleton bites you but does no damage.
The adder skeleton resists.
The wall freezes the adder skeleton.
The water moccasin skeleton completely resists.
The wall freezes the water moccasin skeleton but does no damage.
The water moccasin skeleton bites you but does no damage.
The water moccasin skeleton completely resists.
The wall freezes the water moccasin skeleton but does no damage.
The water moccasin skeleton bites you.
* * * LOW HITPOINT WARNING * * *
You hit the water moccasin skeleton.
The water moccasin skeleton is almost destroyed.
The adder skeleton resists.
The wall freezes the adder skeleton.
The water moccasin skeleton resists.
The wall freezes the water moccasin skeleton.
The water moccasin skeleton barely misses you.
You hit the water moccasin skeleton.
You destroy the water moccasin skeleton!
The water moccasin skeleton completely resists.
The wall freezes the water moccasin skeleton but does no damage.
The water moccasin skeleton bites you.
* * * LOW HITPOINT WARNING * * *
The adder skeleton completely resists.
The wall freezes the adder skeleton but does no damage.
Casting: Frozen Ramparts (dangerous; 5% risk of failure)
Confirm with . or Enter, or press ? or * to list all spells.
Okay, then.
Your icy armour and frozen ramparts will break if you move.
Continue?
Your icy armour cracks and falls away as you move.
The frozen ramparts melt away as you move.
The water moccasin skeleton misses you.
Your magical contamination has completely faded away.
The water moccasin skeleton bites you but does no damage.
The water moccasin skeleton bites you!
* * * LOW HITPOINT WARNING * * *
The water moccasin skeleton bites you but does no damage.
The water moccasin skeleton bites you.
You die...

##.. #.###..# ...
#......# .§
#####.## ≈
#######.# #####
#.......# ##...##
#Z####### #.....#
#.#
#.######...#####.#
............@Z.Z.#
#.######..########
#..# .######..#
.........#
########.#
#######.#
#.......#
#.#####.# #####


You could see an adder skeleton and a water moccasin skeleton.

Vanquished Creatures
  An ice beast (D:4)
  A water moccasin skeleton (D:4)
  A hound (D:4)
  Crazy Yiuf (D:3)
  3 gnolls
  4 adders
  A dart slug (D:1)
  2 orcs (D:3)
  6 endoplasms
  2 giant cockroaches
  11 goblins
  4 hobgoblins
  6 jackals
  11 kobolds
  5 quokkas
  A ball python (D:2)
  6 bats (D:1)
  4 frilled lizards
  3 rats (D:2)
73 creatures vanquished.

Notes
Turn   | Place    | Note
-------+----------+-------------------------------------------
     0 | D:1      | Grim the Djinni Ice Elementalist began the quest for the
                  | Orb.
     0 | D:1      | Reached XP level 1. HP: 15/15 MP: 0/0
   133 | D:1      | Reached skill level 1 in Fighting
   133 | D:1      | Reached XP level 2. HP: 14/22 MP: 0/0
   711 | D:1      | Reached XP level 3. HP: 26/27 MP: 0/0
   711 | D:1      | Learned a level 1 spell: Sandblast
  1147 | D:1      | Found a faded altar of an unknown god.
  2369 | D:2      | Reached XP level 4. HP: 30/33 MP: 0/0
  2819 | D:3      | Found a glowing silver altar of Zin.
  3447 | D:3      | Found an iron altar of Okawaru.
  3452 | D:3      | Reached XP level 5. HP: 25/40 MP: 0/0
  3452 | D:3      | Learned a level 2 spell: Passwall
  3829 | D:3      | Found a runed translucent door.
  3830 | D:3      | Noticed Crazy Yiuf
  4124 | D:3      | Killed Crazy Yiuf
  4376 | D:4      | Noticed an ice beast
  4584 | D:4      | Reached XP level 6. HP: 33/46 MP: 0/0
  4689 | D:4      | Killed an ice beast
  4714 | D:4      | HP: 2/48 [water moccasin skeleton (7)]
  4723 | D:4      | Slain by a water moccasin skeleton

Illustrated notes

Levels and vault maps discovered:
D:1:      minmay_arrival_plants_in_alcoves, layout_loops_corners,
          hellmonk_ecumenical_altar_inner_sanctum, minivault_19
D:2:      layout_basic, nicolae_concentric_dashed_squares_wild
D:3:      layout_basic, okawaru_altar_gauntlet_db, mainiacjoe_overflow_24_doors,
          uniq_crazy_yiuf_cottage
D:4:      layout_loops_corners, kennysheep_generic_room_16, uniq_ijyb

Skill      XL: |  1  2  3  4  5  6 |
---------------+-------------------+-----
Fighting       | 1 2 3 4 |  4.3
Spellcasting   | 4 |  4.8
Dodging        | |  2.1
Stealth        | |  1.5

Action                   |  1- 3 |  4- 6 || total
-------------------------+-------+-------++-------
Melee: Unarmed           |     3 |       ||     3
       Short sword       |    32 |    19 ||    51
 Cast: Freeze            |    51 |    24 ||    75
       Frozen Ramparts   |     1 |     5 ||     6
       Sandblast         |       |    26 ||    26
       Ozocubu's Armour  |       |     2 ||     2
 Stab: Sleeping          |       |     2 ||     2
Armor: Robe              |    12 |    21 ||    33
Dodge: Dodged            |    35 |    37 ||    72

Table legend: (Time is in decaauts)
 A = Elapsed time spent in this place.
 B = Non-inter-level travel time spent in this place.
 C = Inter-level travel time spent in this place.
 D = Time resting spent in this place.
 E = Time spent auto-exploring this place.
 F = Levels seen in this place.
 G = Mean time per level.
                   A        B        C        D        E       F      G
               +--------+--------+--------+--------+--------+-----+--------+
         Total |   4711 |   4218 |    493 |   1293 |   2390 |   4 | 1177.8 |
       Dungeon |   4711 |   4218 |    493 |   1293 |   2390 |   4 | 1177.8 |
               +--------+--------+--------+--------+--------+-----+--------+

Top non-repeatable levels by time:
     D:1: 2109 daAuts
     D:3: 1279 daAuts
     D:2: 836 daAuts
     D:4: 485 daAuts
